 Dungeon Crawl Stone Soup version 0.27.1-1-g398f81649c (webtiles) character file.

Game seed: 1324329871827984186

304 Destapler the Skirmisher (level 6, 0/61 HPs)
             Began as a Troll Berserker on Sept 14, 2021.
             Was a Priest of Trog.
             Slain by a black bear (3 damage)
             ... on level 4 of the Dungeon.
             The game lasted 00:04:48 (2373 turns).

Destapler the Skirmisher (Troll Berserker)          Turns: 2373, Time: 00:04:49

Health: 0/61       AC:  4    Str: 28    XL:     6   Next: 15%
Magic:  5/5        EV: 10    Int:  3    God:    Trog [***...]
Gold:   132        SH:  0    Dex:  9    Spells: 5/5 levels left

rFire    . . .     SeeInvis .   a - +1 mace (vorpal)
rCold    . . .     Faith    .   (no shield)
rNeg     . . .     Spirit   .   b - +0 animal skin
rPois    .         Reflect  .   (helmet restricted)
rElec    .         Harm     .   (no cloak)
rCorr    .         Rampage  .   (gloves unavailable)
Will     .....                  (boots unavailable)
Stlth    +.........             (no amulet)
HPRegen  1.20/turn              (no ring)
MPRegen  0.09/turn              (no ring)

@: no status effects
A: large, unfitting armour, claws 3, regeneration 1, shaggy fur 1, tough skin 1
a: Renounce Religion, Berserk, Trog's Hand


You were on level 4 of the Dungeon.
You worshipped Trog.
Trog was most pleased with you.
You visited 1 branch of the dungeon, and saw 4 of its levels.

You collected 132 gold pieces.

Inventory:

Hand Weapons
 a - a +1 vorpal mace (weapon)
Missiles
 g - 3 atropa-tipped darts (quivered)
 k - 21 poisoned darts
 n - 2 boomerangs
Armour
 b - a +0 animal skin (worn)
Jewellery
 d - a ring of poison resistance
 w - a +6 ring of strength
Wands
 s - a wand of flame (13)
Scrolls
 f - 3 scrolls of identify {unknown}
 h - a scroll of noise {unknown}
 i - 2 scrolls of enchant armour {unknown}
 j - a scroll of immolation {unknown}
 p - a scroll of enchant weapon {unknown}
 r - a scroll of fog {unknown}
 u - a scroll of amnesia {unknown}
 y - a scroll of teleportation {unknown}
Potions
 c - 3 potions of haste {unknown}
 e - a potion of resistance {unknown}
 l - a potion of might {unknown}
 m - a potion of curing {unknown}
 o - a potion of brilliance {unknown}
 q - 2 potions of attraction {unknown}
 t - a potion of degeneration {unknown}
 v - a potion of lignification {unknown}
 x - a potion of mutation {unknown}


   Skills:
 + Level 3.1 Fighting
 - Level 2.6 Maces & Flails
 + Level 2.1 Throwing
 + Level 1.9 Armour
 - Level 3.0 Dodging
 + Level 1.9 Shields
 + Level 1.6 Evocations


You had 5 spell levels left.
You didn't know any spells.
Your spell library contained the following spells:

 Spells                   Type           Power      Damage    Failure   Level
 Ensorcelled Hibernation  Hex/Ice        0%         N/A       67%         2
 Ozocubu's Armour         Ice            0%         N/A       88%         3
 Spider Form              Tmut/Pois      0%         N/A       88%         3
 Shadow Creatures         Summ           N/A        N/A       100%        6
 Ozocubu's Refrigeration  Ice            0%         4d5       100%        7


Dungeon Overview and Level Annotations

Branches:
Dungeon (4/15)
 Temple: D:4-7

Altars:

Annotations:
D:4 2 transporters


Innate Abilities, Weirdness & Mutations

You are too large for most types of armour.
You have claws for hands.
Your natural rate of healing is unusually fast.
You are covered in fur. (AC +1)
You have tough skin. (AC +1)


Message History

No target in view!
No target in view!
No target in view!
No target in view!
No target in view!
No target in view!
No target in view!
You see here a +0 short sword.
As you open the door, it creaks loudly!
You hear an angry growl.
You hear a shout!
There is an open door here.
An ogre comes into view. It is wielding a +0 giant club.
Found a ruby potion.
The ogre shouts!
A hound skeleton comes into view.
The hound skeleton moves out of view.
A black bear comes into view.
There are monsters nearby!
There are monsters nearby!
There are monsters nearby!
The black bear growls angrily.
The hound skeleton bites you but does no damage.
The black bear misses you. The black bear claws you.
The black bear claws you but does no damage.
You hit the black bear.
The black bear is lightly wounded.
The hound skeleton bites you. The black bear closely misses you.
The black bear claws you. The black bear closely misses you.
The ogre hits you with a +0 giant club!!
The hound skeleton bites you.
You sock the black bear!
The black bear is heavily wounded.
The hound skeleton bites you. The black bear barely misses you.
The black bear claws you but does no damage.
The black bear closely misses you.
The ogre hits you with a +0 giant club!!
* * * LOW HITPOINT WARNING * * *
The hound skeleton bites you but does no damage.
The black bear closely misses you. The black bear claws you.
You die...

# ###### ####### # #
#..©.# #.....# # #
#....# #.....# #
####..##### #.....# #
......)...# #.....# #
#########.#######.....#
#.......'.....+
#########.....#
#...Z@.....+
#.##hO.....# #!......#
....##### 8#...#
.##...# .. ....# ..
....#


You could see a black bear, an ogre and a hound skeleton.

Vanquished Creatures
  An ice beast (D:3)
  A scorpion (D:3)
  5 adders
  2 adder skeletons (D:4)
  A worm (D:3)
  2 dart slugs
  2 orcs
  13 bats
  11 endoplasms
  7 giant cockroaches
  5 goblins
  6 hobgoblins
  6 jackals
  8 kobolds
  2 quokkas (D:1)
  7 ball pythons
  A frilled lizard (D:2)
  9 rats
89 creatures vanquished.

Notes
Turn   | Place    | Note
-------+----------+-------------------------------------------
     0 | D:1      | Destapler the Troll Berserker began the quest for the Orb.
     0 | D:1      | Reached XP level 1. HP: 22/22 MP: 0/0
     1 | D:1      | Found a runed translucent door.
    17 | D:1      | Reached XP level 2. HP: 29/29 MP: 1/1
   100 | D:1      | Reached ** piety under Trog
   112 | D:1      | Reached XP level 3. HP: 36/36 MP: 2/2
   333 | D:1      | Reached skill level 1 in Throwing
   856 | D:2      | Found a faded altar of an unknown god.
   862 | D:2      | Reached skill level 1 in Shields
   898 | D:2      | Reached XP level 4. HP: 44/44 MP: 3/3
   976 | D:2      | Reached skill level 1 in Armour
  1062 | D:2      | Reached skill level 1 in Evocations
  1228 | D:3      | Noticed a scorpion
  1235 | D:3      | Killed a scorpion
  1236 | D:3      | Reached XP level 5. HP: 40/52 MP: 4/4
  1272 | D:3      | Noticed an ice beast
  1282 | D:3      | Killed an ice beast
  1737 | D:3      | Reached XP level 6. HP: 61/61 MP: 5/5
  1995 | D:4      | Reached *** piety under Trog
  2297 | D:4      | Found a transporter.
  2303 | D:4      | Noticed an ice beast
  2318 | D:4      | Noticed an ice beast
  2318 | D:4      | Noticed an ice beast
  2351 | D:4      | Found a transporter.
  2373 | D:4      | HP: 3/61 [ogre (28)]
  2373 | D:4      | Slain by a black bear

Illustrated notes

Levels and vault maps discovered:
D:1:      dpeg_arrival_caged_fury, layout_loops_cross, minmay_bisected
D:2:      layout_rooms, chequers_ecumenical_altar_simple
D:3:      layout_basic
D:4:      gammafunk_cloud_chamber, layout_basic, corexii_checkpoint_b,
          small_statue_intersection

Skill      XL: |  1  2  3  4  5 |
---------------+----------------+-----
Throwing       | 1 2 |  2.1
Shields        | 1 |  1.9
Armour         | 1 |  1.9
Evocations     | 1 |  1.6
Dodging        | 3 |  3.0
Fighting       | 3 |  3.1
Maces & Flails | |  2.6

Action                   |  1- 3 |  4- 6 || total
-------------------------+-------+-------++-------
Melee: Mace              |   122 |   127 ||   249
Invok: Berserk           |     1 |     2 ||     3
 Stab: Sleeping          |     1 |       ||     1
Armor: Animal skin       |    64 |    55 ||   119
Dodge: Dodged            |    88 |    79 ||   167
